Map: Ley Lines

Players

ShoWTimE - Winner!

  • Race: Protoss Protoss
  • League: Grandmaster
  • Spawn Location: 7:00

Jumy (ForJumy)

  • Race: Protoss Protoss
  • League: Grandmaster
  • Spawn Location: 1:00

Event: HomeStory Cup XXVII

VOD

Have the link to the VOD?

Description

Time

  • Played on: June 27, 2025, 12:26 p.m.
  • Length: 15:35

All games in this series

Show
View Real Time Build Order
Export as new Build Order

ShoWTimE Protoss - Winner!

Build Orders: 1 Gate Expand, Phoenix Opening, Blink Stalkers 

Get SALT Encoding   

  12  0:00  Probe  
  13  0:12  Probe  
  14  0:16  Pylon  
  14  0:23  Probe  
  15  0:31  Probe  
  15  0:35  Gateway  
  15  0:39  Probe  
  16  0:45  Assimilator  
  17  0:51  Probe  
  18  1:03  Probe  
  19  1:15  Probe  
  20  1:22  Nexus  
  20  1:31  Cybernetics Core  
  20  1:34  Probe  
  21  1:40  Assimilator  
  21  1:46  Probe  
  22  1:51  Pylon  
  22  1:57  Stalker  
  22  1:58  Probe  
  23  2:07  Warp Gate  
  23  2:10  Probe  
  27  2:22  Probe  
  27  2:25  Phoenix  
  27  2:26  Sentry  
  27  2:29  Shield Battery  
  29  2:34  Probe  
  29  2:35  Probe  
  31  2:46  Stalker  
  31  2:47  Probe x2  
  35  2:59  Probe x2  
  35  3:01  Gateway  
  35  3:04  Twilight Council  
  37  3:11  Probe  
  38  3:14  Shield Battery, Probe  
  39  3:20  Pylon  
  39  3:21  Sentry  
  39  3:23  Probe  
  39  3:25  Probe  
  43  3:30  Shield Battery  
  43  3:33  Probe  
  43  3:34  Phoenix, Robotics Facility  
  43  3:35  Probe  
  43  3:37  Blink  
  45  3:41  Probe  
  45  3:43  Shield Battery  
  45  3:47  Probe  
  47  3:50  Pylon  
  47  3:52  Probe  
  48  3:59  Probe  
  48  4:00  Assimilator  
  49  4:04  Probe  
  50  4:10  Stalker  
  50  4:11  Probe  
  50  4:12  Pylon  
  50  4:14  Stalker  
  55  4:21  Observer  
  55  4:26  Probe x2  
  55  4:29  Shield Battery  
  58  4:35  Nexus  
  58  4:41  Observer, Phoenix  
  58  4:45  Stalker  
  61  4:46  Probe x2  
  61  4:52  Stalker  
  65  4:58  Probe x2  
  67  5:00  Pylon  
  67  5:06  Shield Battery  
  67  5:10  Stalker  
  67  5:12  Gateway  
  67  5:13  Probe  
  70  5:15  Gateway  
  70  5:18  Probe  
  70  5:19  Gateway  
  71  5:22  Gateway  
  71  5:24  Shield Battery  
  71  5:28  Stalker  
  71  5:34  Stalker  
  75  5:45  Shield Battery  
  75  5:54  Stalker  
  76  6:01  Stalker  
  76  6:03  Probe  
  73  6:07  Probe  
  71  6:11  Pylon, Probe  
  71  6:15  Probe, Stalker x3  
  71  6:16  Phoenix  
  79  6:24  Stalker x2  
  83  6:27  Probe x3  
  86  6:35  Forge, Probe x3  
  86  6:39  Protoss Ground Weapons Level 1  
  89  6:41  Stalker x2  
  89  6:43  Probe x3  
  93  6:49  Stalker x2  
  100  6:58  Probe  
  100  7:00  Pylon  
  101  7:02  Pylon  
  101  7:09  Photon Cannon  
  101  7:18  Probe  
  101  7:19  Pylon  
  101  7:20  Pylon  
  101  7:22  Stalker x4  
  110  7:30  Photon Cannon, Warp Prism  
  110  7:34  Gateway  
  110  7:35  Gateway, Probe x2  
  114  7:49  Stalker x2  
  114  7:50  Charge  
  116  8:07  Probe  
  114  8:17  Probe  
  114  8:18  Protoss Ground Weapons Level 2  
  111  8:21  Probe  
  111  8:26  Probe  
  112  8:33  Zealot x6  
  112  8:34  Nexus, Zealot x2  
  128  8:37  Pylon  
  128  8:39  Pylon  
  128  8:40  Pylon  
  128  8:41  Pylon, Templar Archives  
  128  8:47  Immortal  
  126  9:04  Photon Cannon, Zealot x5  
  126  9:05  Shield Battery  
  136  9:12  Zealot x3  
  142  9:22  Pylon  
  142  9:24  Gateway  
  142  9:25  Gateway  
  142  9:27  High Templar x2  
  146  9:33  Archon  
  146  9:38  High Templar  
  146  9:39  High Templar, Zealot x4  
  146  9:43  Archon  
  146  9:44  Pylon  
  158  9:52  Immortal  
  162  9:59  Zealot  
  142  10:00  Zealot x5  
  134  10:12  Stalker x2  
  124  10:23  Stalker x4  
  124  10:24  Zealot x2  
  132  10:36  Zealot x2  
  132  10:41  Phoenix  
  136  10:46  Zealot x8  
  152  10:59  Nexus  
  152  11:01  Pylon  
  152  11:04  High Templar x2  
  156  11:08  Archon  
  156  11:15  Pylon  
  156  11:17  Pylon  
  156  11:24  Zealot x4  
  164  11:28  Protoss Ground Weapons Level 3  
  164  11:33  Zealot  
  159  11:40  Probe  
  160  11:48  Photon Cannon  
  160  11:49  High Templar x2, Photon Cannon  
  160  11:50  Probe, Photon Cannon  
  160  11:51  Probe  
  160  11:52  Probe, Shield Battery  
  160  11:53  Shield Battery  
  167  11:54  Archon  
  167  11:55  Pylon  
  163  12:03  Probe x2, Zealot  
  163  12:04  Zealot x2  
  171  12:13  Probe x2  
  173  12:20  Zealot x2  
  171  12:34  Zealot x6  
  183  12:37  Assimilator  
  183  12:40  Observer  
  183  12:42  Zealot x3  
  189  12:52  Observer  
  189  12:54  Zealot  
  192  13:02  High Templar x2  
  196  13:06  Archon  
  196  13:10  Photon Cannon  
  196  13:14  Gateway, Zealot x2  
  196  13:16  Gateway  
  199  13:41  Photon Cannon  
  199  13:44  Photon Cannon  
  199  13:54  Pylon  
  199  13:57  Photon Cannon  
  199  13:58  Photon Cannon  
  199  14:00  Pylon  
  199  14:01  Nexus  
  199  14:03  Pylon  
  199  14:20  Zealot x2  
  197  14:25  Observer x2  
  197  14:29  Zealot x4  
  187  14:36  Zealot x3  
  187  14:37  Zealot x2  
  168  14:51  Zealot x7  
  160  14:53  Probe  
  160  14:54  Probe x3  
  158  15:06  Probe  
  153  15:07  Stalker x2  
  153  15:08  Stalker x3  
  159  15:15  Stalker x3  
  159  15:20  Zealot x2  
Show
View Real Time Build Order
Export as new Build Order

Jumy Protoss 

Build Orders: Mass Adepts, Dark Templar Rush 

Get SALT Encoding   

  12  0:00  Probe  
  13  0:12  Probe  
  14  0:17  Pylon  
  14  0:23  Probe  
  15  0:31  Probe  
  15  0:38  Gateway  
  15  0:40  Probe  
  16  0:46  Assimilator  
  17  0:50  Probe  
  17  0:56  Assimilator  
  18  0:59  Probe  
  19  1:07  Probe  
  19  1:08  Gateway  
  19  1:17  Probe  
  20  1:25  Cybernetics Core  
  21  1:29  Probe  
  22  1:34  Pylon  
  22  1:41  Probe  
  23  1:53  Probe  
  28  2:05  Warp Gate, Probe  
  29  2:08  Pylon  
  29  2:13  Adept x2  
  29  2:25  Probe  
  29  2:27  Twilight Council  
  29  2:46  Nexus  
  29  2:49  Probe  
  30  2:58  Resonating Glaives  
  30  3:07  Dark Shrine, Probe  
  31  3:16  Pylon  
  31  3:24  Gateway  
  31  3:27  Probe  
  32  3:36  Gateway  
  32  3:40  Probe  
  33  3:53  Adept x2  
  33  3:54  Probe x2  
  38  4:02  Probe x2  
  39  4:10  Probe  
  39  4:12  Probe  
  39  4:13  Pylon  
  41  4:18  Dark Templar  
  41  4:19  Adept  
  45  4:24  Dark Templar  
  45  4:26  Probe  
  45  4:28  Probe  
  49  4:34  Adept  
  49  4:38  Probe  
  52  4:42  Adept  
  52  4:44  Robotics Facility  
  54  4:48  Probe  
  55  4:54  Probe, Adept  
  55  4:59  Adept x2  
  62  5:00  Probe  
  62  5:02  Assimilator  
  62  5:05  Pylon  
  62  5:07  Probe, Blink  
  64  5:09  Adept  
  64  5:12  Probe  
  67  5:20  Pylon  
  67  5:23  Probe  
  68  5:29  Assimilator, Adept  
  68  5:30  Adept  
  68  5:32  Observer  
  73  5:43  Immortal  
  73  5:49  Probe  
  72  5:58  Nexus  
  68  6:08  Probe  
  68  6:09  Forge  
  63  6:12  Adept x3  
  63  6:15  Immortal  
  69  6:22  Pylon  
  69  6:30  Gateway, Probe  
  68  6:33  Probe  
  68  6:35  Sentry x2  
  68  6:38  Stalker  
  75  6:40  Protoss Ground Weapons Level 1  
  75  6:43  Dark Templar  
  75  6:44  Probe  
  75  6:46  Probe  
  79  6:56  Probe  
  80  7:03  Immortal, Gateway  
  80  7:06  Probe  
  85  7:10  Gateway  
  85  7:12  Probe  
  85  7:13  Probe  
  85  7:19  Shield Battery, Probe  
  84  7:22  Stalker  
  84  7:25  Stalker  
  84  7:26  Probe  
  84  7:27  Probe  
  88  7:34  Dark Templar  
  88  7:36  Stalker  
  92  7:39  Probe  
  93  7:48  Stalker  
  93  7:51  Stalker  
  89  7:56  Immortal, Probe  
  89  8:00  Stalker x2  
  89  8:01  Probe  
  89  8:05  Pylon, Stalker  
  96  8:08  Stalker  
  96  8:09  Probe  
  96  8:10  Probe  
  99  8:15  Stalker  
  99  8:18  Pylon, Assimilator  
  101  8:23  Probe  
  102  8:28  Immortal, Stalker x3  
  106  8:39  Assimilator  
  106  8:41  Pylon  
  110  8:43  Pylon  
  110  8:47  Stalker x2  
  114  8:57  Warp Prism  
  114  9:02  Stalker x3  
  120  9:03  Pylon  
  122  9:11  Sentry  
  122  9:12  Sentry  
  122  9:14  Pylon  
  126  9:18  Gateway  
  126  9:22  Stalker  
  128  9:30  Stalker x2  
  132  9:33  Observer  
  132  9:34  Adept  
  132  9:35  Adept x2  
  139  9:43  Pylon  
  139  9:47  Adept  
  139  9:48  Protoss Ground Weapons Level 2  
  141  9:54  Adept x3  
  141  9:58  Adept x2  
  139  10:03  Adept  
  131  10:10  Adept  
  125  10:14  Stalker, Adept x2  
  125  10:20  Stalker x2  
  127  10:32  Dark Templar x2  
  129  10:36  Probe  
  130  10:44  Dark Templar x2, Nexus  
  130  10:45  Observer  
  130  10:49  Gateway  
  135  10:50  Probe  
  135  10:51  Pylon  
  135  10:53  Adept x2  
  140  10:59  Sentry  
  140  11:00  Pylon, Probe  
  143  11:07  Stalker x2  
  143  11:08  Probe  
  148  11:14  Stalker x2  
  148  11:16  Probe  
  148  11:18  Adept  
  155  11:19  Stalker  
  155  11:22  Probe  
  158  11:28  Adept  
  160  11:34  Gateway  
  158  11:40  Archon  
  158  11:43  Dark Templar x4  
  162  11:47  Probe, Shield Battery  
  162  11:51  Adept x2  
  162  11:53  Pylon  
  167  11:54  Protoss Ground Weapons Level 3, Probe  
  167  11:58  Probe x2  
  170  12:02  Shadow Stride, Probe  
  170  12:03  Probe  
  170  12:05  Warp Prism  
  170  12:06  Adept x2  
  176  12:11  Photon Cannon  
  176  12:12  Probe  
  179  12:19  Adept  
  181  12:22  Adept  
  181  12:29  Stalker x3  
  185  12:39  Adept x2  
  185  12:52  Stalker x6  
  185  12:56  Pylon  
  195  13:02  Robotics Bay  
  195  13:04  Assimilator  
  195  13:05  Assimilator  
  195  13:18  Stalker x2, Robotics Facility  
  197  13:32  Dark Templar  
  195  13:45  Extended Thermal Lance  
  195  13:46  Robotics Facility  
  195  13:49  Dark Templar x2, Photon Cannon  
  195  13:50  Shield Battery  
  195  13:52  Disruptor  
  197  13:55  Colossus  
  197  13:59  Shield Battery  
  197  14:02  Shield Battery  
  197  14:19  Pylon  
  197  14:20  Pylon  
  197  14:22  Pylon  
  193  14:28  Colossus  
  171  14:34  Dark Templar x5  
  162  14:40  Colossus  
  162  14:45  Stalker x3  
  162  14:51  Dark Templar  
  131  15:07  Stalker x4  
  115  15:09  Adept x2  
  103  15:17  Adept x2  
  91  15:27  Zealot  
Tags
 
Add a new tag
Caveats
  • Supply blocks, unpowered buildings, or Contaminate may cause inaccurate times.
  • Supply counts are checked every 10 seconds.